 Dungeon Crawl Stone Soup version 0.23-a0-490-ge7ea69a (webtiles) character file.

10736 zishaf the Thaumaturge (level 11, 0/83 HPs)
             Began as a Gnoll Wizard on Dec 2, 2018.
             Was an Elder of Sif Muna.
             Slain by an unseen horror (2 damage)
             ... on level 11 of the Dungeon.
             The game lasted 00:59:05 (18422 turns).

zishaf the Thaumaturge (Gnoll Wizard)              Turns: 18422, Time: 00:59:05

Health: 0/83       AC:  9    Str: 10    XL:     11   Next: 66%
Magic:  19/24      EV: 16    Int: 23    God:    Sif Muna [****..]
Gold:   676        SH:  5    Dex: 14    Spells: 14/29 levels left

rFire    . . .     SeeInvis .   a - +3 war axe
rCold    . . .     Gourm    .   l - +0 buckler
rNeg     . . .     Faith    .   H - +3 leather armour
rPois    .         Spirit   .   n - +0 hat
rElec    .         Reflect  .   (no cloak)
rCorr    .         Harm     .   f - +0 pair of gloves
MR       .....                  m - +0 pair of boots
Stlth    +++.......             B - amulet of rage
HPRegen  0.23/turn              (no ring)
MPRegen  0.19/turn              K - ring of wizardry

@: no status effects
A: distributed training, fangs 1, strong nose
a: Divine Energy, Channel Magic, Forget Spell, Renounce Religion, Evoke Berserk
Rage


You were on level 11 of the Dungeon.
You worshipped Sif Muna.
Sif Muna was greatly pleased with you.
You were near starving.

You visited 2 branches of the dungeon, and saw 12 of its levels.
You also visited: Ossuary.

You collected 676 gold pieces.

Inventory:

Hand Weapons
 a - a +3 war axe (weapon)
 b - the +0 hunting sling of Ihabb {velocity, rC+}
   (You found it on level 8 of the Dungeon)

   Any stone fired from it inflicts extra damage.
   It protects you from cold.
Missiles
 o - 360 stones (quivered)
 q - 9 tomahawks
 u - 23 poisoned needles
 I - 2 throwing nets
Armour
 f - a +0 pair of gloves (worn)
 l - a +0 buckler (worn)
 m - a +0 pair of boots (worn)
 n - a +0 hat (worn)
 s - a +1 robe of cold resistance
 H - a +3 leather armour (worn)
Jewellery
 r - an uncursed ring of ice
 y - an uncursed ring of fire
 B - an amulet of rage (around neck)
 K - a ring of wizardry (right hand)
Wands
 z - a wand of polymorph (7)
 L - a wand of digging (8)
Scrolls
 g - 2 scrolls of remove curse
 i - 2 scrolls of blinking
 t - a scroll of enchant weapon
 v - 7 scrolls of teleportation
 A - 5 scrolls of amnesia
 F - 3 scrolls of fear
 G - 2 scrolls of enchant armour
 J - 3 scrolls of immolation
 M - 2 scrolls of fog {unknown}
Potions
 c - 4 potions of curing
 e - 2 potions of mutation {unknown}
 h - 2 potions of brilliance
 j - a potion of magic {unknown}
 k - 2 potions of invisibility {unknown}
 p - 2 potions of flight {unknown}
 w - 6 potions of lignification {unknown}
 C - 2 potions of might
 D - 2 potions of berserk rage {unknown}
 E - 2 potions of haste
Comestibles
 d - 13 rations


   Skills:
 + Level 6.4 Fighting
 + Level 6.4 Short Blades
 + Level 6.4 Long Blades
 + Level 6.4 Axes
 + Level 6.4 Maces & Flails
 + Level 6.4 Polearms
 + Level 6.4 Staves
 + Level 6.4 Slings
 + Level 6.4 Bows
 + Level 6.4 Crossbows
 + Level 6.4 Throwing
 + Level 6.4 Armour
 + Level 8.0 Dodging
 + Level 7.7 Stealth
 + Level 6.4 Shields
 + Level 6.4 Unarmed Combat
 + Level 9.6 Spellcasting
 + Level 5.8 Conjurations
 + Level 5.3 Hexes
 + Level 5.3 Charms
 + Level 5.8 Summonings
 + Level 5.3 Necromancy
 + Level 5.8 Translocations
 + Level 5.3 Transmutations
 + Level 5.3 Fire Magic
 + Level 5.3 Ice Magic
 + Level 5.3 Air Magic
 + Level 5.3 Earth Magic
 + Level 5.3 Poison Magic
 + Level 7.0 Invocations
 + Level 6.4 Evocations


You had 14 spell levels left.
You knew the following spells:

 Your Spells              Type           Power        Failure   Level  Hunger
a - Magic Dart            Conj           ####         1%          1    None
b - Blink                 Tloc           N/A          1%          2    None
c - Call Imp              Summ           #####...     1%          2    None
d - Mephitic Cloud        Conj/Pois/Air  #####...     1%          3    None
e - Conjure Flame         Conj/Fire      #####...     1%          3    None
f - Summon Lightning Spi  Summ/Air       #####...     3%          4    ##.....

Your spell library contained the following spells:

 Spells                   Type           Power        Failure   Level  Hunger
 Animate Skeleton         Necr           N/A          1%          1    None
 Apportation              Tloc           #####.       1%          1    None
 Confusing Touch          Hex            #####.       1%          1    None
 Summon Small Mammal      Summ           ####         1%          1    None
 Slow                     Hex            #####...     1%          2    None
 Call Canine Familiar     Summ           #####...     1%          3    None
 Summon Guardian Golem    Hex/Summ       #####...     1%          3    None
 Summon Ice Beast         Ice/Summ       #####...     3%          4    ##.....


Dungeon Overview and Level Annotations

Branches:
Dungeon (11/15)            Temple (1/1) D:4            Lair (0/6) D:10
    Orc (0/2) D:10

Altars:
Ashenzari
Cheibriados
Dithmenos
Elyvilon
Fedhas
Gozag
Hepliaklqana
Kikubaaqudgha
Makhleb
Nemelex Xobeh
Okawaru
Qazlal
Ru
Sif Muna
Trog
Uskayaw
Vehumet
Wu Jian
Xom
Yredelemnul
Zin
The Shining One

Shops:
D:5 *   D:6 ((   D:7 *!   D:11 *

Annotations:
D:4 2 transporters, Psyclone's ghost, amateur OpVM


Innate Abilities, Weirdness & Mutations

Your experience applies equally to all skills.
You have very sharp teeth.
Your uncanny sense of smell can sniff out nearby items.


Message History

You slash something! Something hits you!
* * * LOW HITPOINT WARNING * * *
Something barely misses you. Something hits you.
* * * LOW HITPOINT WARNING * * *
You barely miss something. Something hits you.
* * * LOW HITPOINT WARNING * * *
Something barely misses your crimson imp.
You swing at nothing.
Something hits your crimson imp!
You barely miss something. Something hits you.
* * * LOW HITPOINT WARNING * * *
You barely miss something. You bite something.
Something hits you but does no damage.
You swing at nothing.
Something hits your crimson imp. x2
You swing at nothing.
Something hits your crimson imp!
Your crimson imp dies!
You swing at nothing.
Something barely misses you. Something hits you.
* * * LOW HITPOINT WARNING * * *
You closely miss something.
Something hits you but does no damage. x2
You slash something! Something hits you.
You die...

##.##...........##.....###....
#..#.#.#.#.#(.###.....# #.#.#
##.#..................# #....
#.#.#.#.#.#..#.......# ##.#.
#............#.......# #...
#######.#....####......#########.
...).........)...)..............>
########.###...5...#.#........###
#.# #....@#..<#....[[..#
#.####.#.{.............###
#......................'..
#..#.#.#...............##.
#......................##.
##.#.#.#...............##.
#......................##.
########..#.#.#.#..#############.
.......)........#..#......[......


You could see a friendly crimson imp.

Vanquished Creatures
  An unseen horror (D:10)
  2 centaur zombies (D:11)
  A hippogriff (D:7)
  Sigmund (D:4)
  2 sky beasts
  A slave (D:6)
  An ice beast (D:7)
  2 wolves (D:10)
  4 ogres
  A crocodile (D:10)
  2 big kobolds
  3 bullfrogs
  A wyvern skeleton (D:11)
  4 killer bees
  4 electric eels (D:7)
  A howler monkey (D:11)
  A hound (D:9)
  An orc priest (D:10)
  3 bullfrog skeletons
  A centaur skeleton (D:7)
  4 worker ants
  A killer bee zombie (D:6)
  A howler monkey zombie (D:11)
  9 adders
  2 shadow imps
  An ooze (D:3)
  An adder zombie (D:6)
  2 worms
  A worm (shapeshifter) (D:11)
  2 dart slugs
  20 orcs
  7 bats
  4 giant cockroaches
  A gnoll zombie (Ossuary)
  6 goblins
  8 hobgoblins
  A jackal (D:4)
  3 quokkas
  2 ball pythons
  6 frilled lizards
  A goblin skeleton (Ossuary)
  6 kobolds
  A kobold zombie (Ossuary)
  5 rats
  2 rat skeletons (Ossuary)
134 creatures vanquished.

Vanquished Creatures (collateral kills)
  Fannar (D:11)
  3 two-headed ogres
  3 death yaks (D:10)
  Pikel (D:7)
  A cyclops (D:11)
  A manticore (D:11)
  Maurice (D:8)
  5 yaks (D:10)
  A wraith (D:10)
  A basilisk (D:9)
  Grum (D:11)
  3 hungry ghosts
  4 wargs
  Menkaure (Ossuary)
  2 water moccasins (D:7)
  10 orc warriors
  An ice beast (D:9)
  5 sky beasts
  2 phantoms
  10 ogres
  A black bear (D:7)
  5 centaurs
  A wolf (D:10)
  A bullfrog (D:11)
  3 scorpions
  A wyvern skeleton (D:6)
  11 killer bees
  9 wights
  2 howler monkeys (D:11)
  An electric eel (D:7)
  2 crimson imps
  A quasit (D:10)
  A centaur zombie (D:8)
  4 hounds
  A jelly (D:11)
  2 bullfrog skeletons
  3 orc priests
  6 orc wizards
  3 iguanas
  Natasha (thrice) (D:4)
  5 worker ants
  3 mummies (Ossuary)
  6 adders
  2 shadow imps
  An adder zombie (D:8)
  3 worms
  4 leopard geckos
  36 orcs
  A giant cockroach (D:3)
  A gnoll zombie (Ossuary)
  A hobgoblin (D:1)
  5 jackals
  A quokka (D:9)
  3 gnoll skeletons (Ossuary)
  A goblin (D:3)
  A goblin skeleton (Ossuary)
  A goblin zombie (Ossuary)
  A hobgoblin skeleton (Ossuary)
  A hobgoblin zombie (Ossuary)
  2 kobold skeletons (Ossuary)
  A kobold zombie (Ossuary)
  2 orc skeletons (Ossuary)
  An orc zombie (Ossuary)
  A rat skeleton (Ossuary)
  A rat zombie (Ossuary)
203 creatures vanquished.

Vanquished Creatures (others)
  An adder skeleton (D:7)
  A quokka (D:7)
  2 gnoll skeletons (Ossuary)
  A goblin skeleton (Ossuary)
  2 goblin zombies (Ossuary)
  3 hobgoblin skeletons (Ossuary)
  5 hobgoblin zombies (Ossuary)
  A kobold (D:11)
  3 kobold skeletons (Ossuary)
  2 orc skeletons (Ossuary)
  4 orc zombies (Ossuary)
  A rat skeleton (Ossuary)
  6 rat zombies (Ossuary)
  3 plants (D:7)
35 creatures vanquished.

Grand Total: 372 creatures vanquished

Notes
Turn   | Place    | Note
-------+----------+-------------------------------------------
     0 | D:1      | zishaf the Gnoll Wizard began the quest for the Orb.
     0 | D:1      | Reached XP level 1. HP: 13/13 MP: 8/8
   107 | D:1      | Reached XP level 2. HP: 15/19 MP: 1/10
   242 | D:1      | Learned a level 2 spell: Blink
   245 | D:1      | Learned a level 2 spell: Call Imp
  1031 | D:2      | Reached XP level 3. HP: 25/25 MP: 8/11
  1232 | D:2      | Reached skill level 1 in Invocations
  1444 | D:2      | Learned a level 3 spell: Mephitic Cloud
  1594 | D:2      | Reached skill level 1 in Fighting
  1594 | D:2      | Reached skill level 1 in Short Blades
  1594 | D:2      | Reached skill level 1 in Long Blades
  1594 | D:2      | Reached skill level 1 in Axes
  1594 | D:2      | Reached skill level 1 in Maces & Flails
  1594 | D:2      | Reached skill level 1 in Polearms
  1594 | D:2      | Reached skill level 1 in Staves
  1594 | D:2      | Reached skill level 1 in Slings
  1594 | D:2      | Reached skill level 1 in Bows
  1594 | D:2      | Reached skill level 1 in Crossbows
  1594 | D:2      | Reached skill level 1 in Throwing
  1594 | D:2      | Reached skill level 1 in Armour
  1594 | D:2      | Reached skill level 1 in Shields
  1594 | D:2      | Reached skill level 1 in Unarmed Combat
  1594 | D:2      | Reached skill level 1 in Evocations
  1891 | D:3      | Reached XP level 4. HP: 32/32 MP: 13/13
  2488 | D:3      | Noticed a sky beast
  2518 | D:3      | Killed a sky beast
  2518 | D:3      | Reached skill level 1 in Hexes
  2518 | D:3      | Reached skill level 1 in Charms
  2518 | D:3      | Reached skill level 1 in Necromancy
  2518 | D:3      | Reached skill level 1 in Transmutations
  2518 | D:3      | Reached skill level 1 in Fire Magic
  2518 | D:3      | Reached skill level 1 in Ice Magic
  2518 | D:3      | Reached skill level 1 in Air Magic
  2518 | D:3      | Reached skill level 1 in Earth Magic
  2518 | D:3      | Reached skill level 1 in Poison Magic
  2518 | D:3      | Reached XP level 5. HP: 14/37 MP: 3/14
  3115 | D:4      | Noticed an ogre
  3126 | D:4      | Killed an ogre
  3209 | D:4      | Noticed an ogre
  3215 | D:4      | Killed an ogre
  3215 | D:4      | Reached XP level 6. HP: 44/44 MP: 6/16
  3278 | D:4      | Noticed Natasha
  3279 | D:4      | Found a transporter.
  3279 | D:4      | Noticed Psyclone's ghost (amateur OpVM)
  3280 | D:4      | Found a transporter.
  3297 | D:4      | Killed Natasha
  3366 | D:4      | Noticed Natasha
  3370 | D:4      | Killed Natasha
  3376 | D:4      | Noticed Natasha
  3388 | D:4      | Killed Natasha
  3626 | D:4      | Found a shattered altar of Ashenzari.
  3631 | D:4      | Learned a level 3 spell: Conjure Flame
  3635 | D:4      | Reached skill level 5 in Dodging
  3638 | D:4      | Found an ancient bone altar of Kikubaaqudgha.
  3645 | D:4      | Found an iron altar of Okawaru.
  3651 | D:4      | Found a snail-covered altar of Cheibriados.
  3653 | D:4      | Found a stormy altar of Qazlal.
  3752 | D:4      | Found a sparkling altar of Nemelex Xobeh.
  3782 | D:4      | Learned a level 4 spell: Summon Lightning Spire
  3783 | D:4      | Noticed Sigmund
  3908 | D:4      | Killed Sigmund
  3908 | D:4      | Reached XP level 7. HP: 31/50 MP: 14/18
  4218 | D:4      | Found a staircase to the Ecumenical Temple.
  4347 | Temple   | Entered the Ecumenical Temple
  4512 | Temple   | Became a worshipper of Sif Muna the Loreminder
  4729 | D:5      | Entered Level 5 of the Dungeon
  5283 | D:5      | Reached skill level 5 in Stealth
  5450 | D:5      | Found Ysinavy's Elemental Accessories.
  5953 | D:6      | Reached XP level 8. HP: 16/57 MP: 11/19
  5967 | D:6      | Found Conur's Weapon Emporium.
  6056 | D:6      | Found a sand-covered staircase.
  6224 | Ossuary  | Entered an ossuary
  6700 | Ossuary  | Noticed Menkaure
  6706 | Ossuary  | Killed Menkaure
  7305 | D:6      | Found Tathresa's Antique Weapon Boutique.
  7382 | D:6      | Found a hazy altar of Hepliaklqana.
  7402 | D:6      | Reached * piety under Sif Muna
  8035 | D:7      | Reached skill level 8 in Spellcasting
  9254 | D:7      | Reached XP level 9. HP: 42/65 MP: 13/21
  9359 | D:7      | Noticed Pikel
  9703 | D:7      | Found Wuanomp's General Store.
  9713 | D:7      | Found Yhunosejel's Distillery.
 10452 | D:7      | Killed Pikel
 11134 | D:8      | Reached ** piety under Sif Muna
 11373 | D:8      | Reached skill level 5 in Invocations
 11438 | D:8      | Noticed Maurice
 11508 | D:8      | Noticed a two-headed ogre
 11728 | D:8      | Killed a two-headed ogre
 11752 | D:8      | Killed Maurice
 11752 | D:8      | Reached XP level 10. HP: 73/73 MP: 2/22
 12157 | D:8      | Got a transparent hunting sling
 12158 | D:8      | Identified the +0 hunting sling of Ihabb {velocity, rC+}
                  | (You found it on level 8 of the Dungeon)
 12617 | D:9      | Reached skill level 5 in Fighting
 12617 | D:9      | Reached skill level 5 in Short Blades
 12617 | D:9      | Reached skill level 5 in Long Blades
 12617 | D:9      | Reached skill level 5 in Axes
 12617 | D:9      | Reached skill level 5 in Maces & Flails
 12617 | D:9      | Reached skill level 5 in Polearms
 12617 | D:9      | Reached skill level 5 in Staves
 12617 | D:9      | Reached skill level 5 in Slings
 12617 | D:9      | Reached skill level 5 in Bows
 12617 | D:9      | Reached skill level 5 in Crossbows
 12617 | D:9      | Reached skill level 5 in Throwing
 12617 | D:9      | Reached skill level 5 in Armour
 12617 | D:9      | Reached skill level 5 in Shields
 12617 | D:9      | Reached skill level 5 in Unarmed Combat
 12617 | D:9      | Reached skill level 5 in Evocations
 13508 | D:10     | Entered Level 10 of the Dungeon
 13596 | D:10     | Reached *** piety under Sif Muna
 13756 | D:9      | Reached skill level 9 in Spellcasting
 14113 | D:10     | Found a staircase to the Orcish Mines.
 14236 | D:10     | Found a deep blue altar of Sif Muna.
 14238 | D:10     | Noticed a death yak
 14245 | D:10     | Noticed a death yak
 14274 | D:10     | Killed a death yak
 14274 | D:10     | Reached skill level 5 in Conjurations
 14274 | D:10     | Reached skill level 5 in Summonings
 14274 | D:10     | Reached skill level 5 in Translocations
 14280 | D:10     | Killed a death yak
 14358 | D:10     | Noticed a death yak
 14376 | D:10     | Killed a death yak
 14376 | D:10     | Reached XP level 11. HP: 81/81 MP: 14/24
 14441 | D:10     | Found a staircase to the Lair.
 14604 | D:10     | Killed an unseen horror
 15417 | D:11     | Noticed Grum
 15437 | D:11     | Noticed a two-headed ogre
 15704 | D:10     | Killed a two-headed ogre
 15953 | D:10     | Reached skill level 5 in Hexes
 15953 | D:10     | Reached skill level 5 in Charms
 15953 | D:10     | Reached skill level 5 in Necromancy
 15953 | D:10     | Reached skill level 5 in Transmutations
 15953 | D:10     | Reached skill level 5 in Fire Magic
 15953 | D:10     | Reached skill level 5 in Ice Magic
 15953 | D:10     | Reached skill level 5 in Air Magic
 15953 | D:10     | Reached skill level 5 in Earth Magic
 15953 | D:10     | Reached skill level 5 in Poison Magic
 16274 | D:11     | Killed Grum
 16280 | D:11     | Noticed Fannar
 17141 | D:11     | Killed Fannar
 17196 | D:11     | Noticed a manticore
 17213 | D:11     | Killed a manticore
 17360 | D:11     | Noticed a cyclops
 17380 | D:11     | Killed a cyclops
 17541 | D:11     | Noticed a two-headed ogre
 17577 | D:11     | Killed a two-headed ogre
 17618 | D:11     | Reached **** piety under Sif Muna
 17978 | D:11     | Found Atzeblin's General Store.
 18416 | D:11     | HP: 2/83 [something (4)]
 18422 | D:11     | Slain by an unseen horror

Vault maps used:
D:1:      ncdulo_halloftheorcs
D:4:      lemuel_round_altar, grunt_temple_overflow_open, temple_hall,
          gammafunk_ghost_smash, first_ration, palyth_stone_intersect,
          uniq_sigmund, uniq_natasha
D:5:      nicolae_elemental_shop, glass_columns_c
D:6:      basic_altar, serial_shops, kennysheep_mini, shop,
          nicolae_ossuary_entry_plus, minmay_door_square
D:7:      minmay_octagon_keep, serial_glass, glass_columns_a, glass_columns_b,
          serial_shops, nicolae_shop_trees, shop, grunt_ogre_cave, st_stairs_10,
          nrook_campfire, serial_bayou_lake_a, uniq_pikel, uniq_menkaure
D:8:      uniq_maurice
D:10:     dpeg_lair_monsters, minmay_orc_entry_guard_dogs, basic_altar
D:11:     serial_shops, shop_fountains, serial_glass, glass_columns_b,
          glass_columns_a, glass_columns_b, glass_columns_b, glass_columns_c,
          glass_columns_a, glass_columns_a, glass_columns_a, uniq_fannar,
          uniq_grum
Temple:   regret_index_temple_sphere_string
Ossuary:  ossuary_due_pyramid

Skill      XL: |  1  2  3  4  5  6  7  8  9 10 11 |
---------------+----------------------------------+-----
Conjurations   | 2 3 4 5 |  5.8
Summonings     | 2 3 4 5 |  5.8
Translocations | 2 3 4 5 |  5.8
Invocations    | 1 2 3 4 5 6 7 |  7.0
Fighting       | 1 2 3 4 5 6 |  6.4
Short Blades   | 1 2 3 4 5 6 |  6.4
Long Blades    | 1 2 3 4 5 6 |  6.4
Axes           | 1 2 3 4 5 6 |  6.4
Maces & Flails | 1 2 3 4 5 6 |  6.4
Polearms       | 1 2 3 4 5 6 |  6.4
Staves         | 1 2 3 4 5 6 |  6.4
Slings         | 1 2 3 4 5 6 |  6.4
Bows           | 1 2 3 4 5 6 |  6.4
Crossbows      | 1 2 3 4 5 6 |  6.4
Throwing       | 1 2 3 4 5 6 |  6.4
Armour         | 1 2 3 4 5 6 |  6.4
Shields        | 1 2 3 4 5 6 |  6.4
Unarmed Combat | 1 2 3 4 5 6 |  6.4
Evocations     | 1 2 3 4 5 6 |  6.4
Hexes          | 1 2 3 4 5 |  5.3
Charms         | 1 2 3 4 5 |  5.3
Necromancy     | 1 2 3 4 5 |  5.3
Transmutations | 1 2 3 4 5 |  5.3
Fire Magic     | 1 2 3 4 5 |  5.3
Ice Magic      | 1 2 3 4 5 |  5.3
Air Magic      | 1 2 3 4 5 |  5.3
Earth Magic    | 1 2 3 4 5 |  5.3
Poison Magic   | 1 2 3 4 5 |  5.3
Dodging        | 5 6 7 8 |  8.0
Stealth        | 5 6 7 |  7.7
Spellcasting   | 8 9 |  9.6

Action                   |  1- 3 |  4- 6 |  7- 9 | 10-12 || total
-------------------------+-------+-------+-------+-------++-------
Melee: Unarmed           |    42 |       |       |       ||    42
       Bite              |     3 |     8 |    13 |    17 ||    41
       Long sword        |       |    55 |   123 |       ||   178
       Punch             |       |       |     2 |       ||     2
       War axe           |       |       |       |   166 ||   166
 Fire: Hunting sling     |    47 |    36 |       |   153 ||   236
Throw: Stone             |       |       |     2 |       ||     2
 Cast: Magic Dart        |    40 |     7 |    97 |    19 ||   163
       Call Imp          |     2 |    33 |    55 |    14 ||   104
       Summon Lightning  |       |     3 |    58 |    90 ||   151
       Mephitic Cloud    |       |       |     3 |     5 ||     8
       Conjure Flame     |       |       |     2 |    14 ||    16
Invok: Channel Magic     |       |       |       |     1 ||     1
Evoke: Wand              |       |       |       |     3 ||     3
  Use: Potion            |     2 |     1 |       |     1 ||     4
       Scroll            |       |       |    13 |     7 ||    20
 Stab: Sleeping          |       |     2 |     3 |     1 ||     6
       Distracted        |       |       |     2 |     1 ||     3
       Confused          |       |       |     1 |       ||     1
  Eat: Chunk             |     3 |     6 |    19 |    21 ||    49
       Ration            |       |       |     3 |     1 ||     4
Armor: Robe              |    13 |    12 |    25 |     5 ||    55
       Leather armour    |       |       |       |    98 ||    98
Dodge: Dodged            |    67 |    59 |   154 |   212 ||   492
Block: Buckler           |       |       |       |    54 ||    54
       Rpst.: Long sword |       |    17 |    48 |       ||    65

Table legend:
 A = Non-vault XP
 B = Vault XP
 C = Vault XP percentage of total XP
 D = Non-vault monster count
 E = Vault monster count
 F = Vault count percentage of total count
                 A         B        C        D         E       F
            +---------+---------+-------+---------+---------+-------
      Total |    9934 |    5404 |  35.2 |     252 |      75 |  22.9
            +---------+---------+-------+---------+---------+-------
        D:1 |      31 |       0 |   0.0 |      18 |       0 |   0.0
        D:2 |      48 |       0 |   0.0 |      15 |       0 |   0.0
        D:3 |     142 |       0 |   0.0 |      19 |       0 |   0.0
        D:4 |     360 |     176 |  32.8 |      17 |       2 |  10.5
        D:5 |     394 |       0 |   0.0 |      12 |       0 |   0.0
        D:6 |     531 |       0 |   0.0 |      33 |       0 |   0.0
        D:7 |     822 |    1029 |  55.6 |      19 |      14 |  42.4
        D:8 |    1196 |     224 |  15.8 |      28 |       1 |   3.4
        D:9 |    1372 |     221 |  13.9 |      33 |       2 |   5.7
       D:10 |    2217 |    2979 |  57.3 |      22 |      38 |  63.3
       D:11 |    2821 |     725 |  20.4 |      36 |       2 |   5.3
    Ossuary |       0 |      50 | 100.0 |       0 |      16 | 100.0
            +---------+---------+-------+---------+---------+-------
